Map: Nightscape LE

Players

HelloSeattle

  • Race: Terran Terran
  • Spawn Location: 7:00

Ladranix

  • Race: Protoss Protoss
  • Spawn Location: 7:00

Massa - Winner!

  • Race: Terran Terran
  • League: Platinum
  • Spawn Location: 1:00

qqq - Winner!

  • Race: Protoss Protoss
  • League: Platinum
  • Spawn Location: 1:00

VOD

Have the link to the VOD?

Description

Time

  • Played on: Sept. 27, 2020, 10:03 a.m.
  • Length: 16:50
Show
View Real Time Build Order
Export as new Build Order

HelloSeattle Terran 

Build Orders:  

Get SALT Encoding   

  12  0:01  SCV  
  13  0:13  SCV  
  14  0:20  Supply Depot  
  14  0:25  SCV  
  15  0:41  SCV  
  16  0:45  Barracks  
  16  0:53  SCV  
  17  1:03  Refinery  
  17  1:06  SCV  
  18  1:16  Barracks  
  18  1:18  SCV  
  18  1:56  Marine  
  19  2:05  Marine  
  20  2:14  Marine  
  21  2:22  Orbital Command  
  21  2:23  Marine  
  22  2:35  Marine  
  23  2:57  Supply Depot x2  
  23  3:08  Marine  
  23  3:18  Marine  
  24  3:24  Command Center  
  24  3:26  SCV, Marine  
  26  3:38  SCV  
  26  3:40  Refinery, Factory  
  27  3:47  Barracks Tech Lab  
  27  3:48  Barracks Reactor  
  27  3:50  SCV  
  28  3:58  Barracks  
  28  4:02  SCV  
  29  4:14  SCV  
  30  4:18  Combat Shield  
  30  4:22  Marauder  
  32  4:25  Factory Tech Lab  
  32  4:35  SCV  
  33  4:44  Marauder  
  35  4:47  SCV, Siege Tank  
  39  5:03  Orbital Command  
  39  5:09  Barracks Tech Lab  
  39  5:12  Factory  
  39  5:28  SCV  
  39  5:31  Siege Tank  
  43  5:41  SCV  
  44  5:53  SCV  
  45  6:05  SCV  
  45  6:09  Engineering Bay  
  46  6:17  SCV  
  47  6:29  SCV, Armory  
  48  6:38  Siege Tank  
  51  6:41  SCV  
  51  6:45  Supply Depot  
  51  6:46  Supply Depot  
  52  6:50  Supply Depot  
  52  6:53  SCV, Missile Turret x2  
  53  6:57  Missile Turret  
  53  6:58  Missile Turret x2  
  53  7:01  Refinery  
  53  7:02  Refinery  
  53  7:03  Missile Turret  
  53  7:05  SCV  
  54  7:17  SCV  
  55  7:29  SCV  
  56  7:42  SCV  
  57  7:45  Command Center  
  56  8:03  Marine x3  
  56  8:08  Barracks Reactor  
  56  8:11  Terran Infantry Armor Level 1  
  52  8:18  Thor  
  52  8:19  Thor  
  64  8:21  Marine x3  
  67  8:38  Marine  
  67  8:39  Marine x2  
  70  8:56  Marine x2  
  70  8:57  Marine  
  70  8:58  Missile Turret x2, Terran Vehicle Weapons Level 1  
  70  8:59  Missile Turret  
  73  9:12  Supply Depot x2  
  73  9:14  Marine x2  
  73  9:15  Supply Depot  
  73  9:16  Supply Depot  
  73  9:23  Missile Turret  
  73  9:33  Thor  
  73  9:36  Thor  
  85  10:05  Terran Infantry Weapons Level 1  
  85  10:16  Thor  
  85  10:19  Thor  
  98  10:21  SCV  
  98  10:22  Factory  
  98  10:23  Factory  
  95  10:33  SCV  
  96  10:40  Refinery  
  94  10:45  SCV  
  94  10:46  Refinery  
  89  10:52  Terran Vehicle And Ship Armor Level 1  
  86  10:57  SCV  
  82  11:10  SCV  
  83  11:17  Thor x2  
  95  11:22  SCV  
  96  11:26  Command Center  
  96  11:34  SCV  
  97  11:46  Factory Tech Lab x2, SCV  
  98  12:00  Thor  
  81  12:38  Siege Tank x3  
  81  12:43  Siege Tank  
  63  12:49  Marine  
  63  12:50  Marine x4  
  68  13:07  Marine  
  68  13:08  Marine x4  
  68  13:10  Siege Tank  
  76  13:19  Thor x2  
  88  13:25  Marine  
  88  13:26  Marine x4  
  93  13:43  Marine x3  
  93  13:44  Marine x2  
  98  13:58  Thor  
  98  14:01  Marine x5  
  109  14:16  Thor  
  115  14:19  Marine x5  
  115  14:20  SCV  
  121  14:28  Terran Infantry Weapons Level 2  
  121  14:33  SCV  
  121  14:36  Marine  
  121  14:37  Marine x2  
  125  15:08  Orbital Command  
  125  15:12  SCV, Marine x2  
  84  15:30  Marine  
Show
View Real Time Build Order
Export as new Build Order

Ladranix Protoss 

Build Orders: Oracle Opening 

Get SALT Encoding   

  12  0:01  Probe  
  13  0:13  Probe  
  14  0:24  Pylon  
  14  0:28  Probe  
  15  0:32  Assimilator  
  16  0:42  Probe  
  16  0:51  Gateway  
  16  0:56  Probe  
  17  1:08  Probe  
  18  1:21  Probe  
  19  1:36  Probe  
  20  1:40  Cybernetics Core  
  20  1:48  Zealot (Chrono Boost)  
  19  2:01  Probe  
  20  2:04  Pylon  
  20  2:12  Zealot (Chrono Boost)  
  20  2:16  Warp Gate (Chrono Boost)  
  19  2:33  Probe  
  20  2:45  Stargate  
  20  2:49  Probe (Chrono Boost)  
  21  2:53  Assimilator  
  22  2:58  Probe (Chrono Boost)  
  22  3:07  Stalker  
  24  3:17  Probe  
  25  3:24  Gateway  
  25  3:30  Oracle  
  25  3:34  Probe (Chrono Boost)  
  29  3:43  Probe (Chrono Boost)  
  30  4:00  Probe  
  31  4:12  Pylon  
  31  4:17  Forge  
  31  4:29  Oracle (Chrono Boost)  
  34  4:39  Pylon  
  34  4:53  Probe  
  34  4:58  Gateway  
  35  5:07  Zealot, Stalker  
  39  5:24  Nexus  
  39  5:28  Pylon  
  33  6:06  Probe  
  33  6:09  Oracle  
  37  6:13  Stalker  
  37  6:14  Stalker  
  37  6:16  Pylon  
  41  6:19  Gateway  
  41  6:34  Photon Cannon  
  41  6:41  Probe  
  41  6:42  Probe  
  41  6:46  Oracle  
  46  6:55  Probe, Fleet Beacon  
  45  7:08  Stalker  
  45  7:11  Probe (Chrono Boost)  
  45  7:15  Protoss Air Weapons Level 1  
  48  7:22  Probe (Chrono Boost)  
  49  7:26  Probe (Chrono Boost)  
  49  7:27  Shield Battery  
  50  7:30  Stalker  
  50  7:31  Zealot  
  54  7:42  Probe  
  55  8:01  Photon Cannon  
  55  8:08  Void Ray  
  55  8:10  Twilight Council  
  55  8:15  Stargate  
  55  8:18  Flux Vanes  
  59  8:21  Probe (Chrono Boost)  
  59  8:26  Assimilator  
  60  8:28  Assimilator  
  60  8:30  Probe (Chrono Boost)  
  60  8:32  Probe (Chrono Boost)  
  62  8:35  Probe (Chrono Boost)  
  63  8:41  Probe  
  63  8:47  Void Ray (Chrono Boost)  
  64  8:49  Void Ray (Chrono Boost)  
  66  9:25  Void Ray  
  66  9:29  Charge  
  70  9:32  Void Ray  
  70  9:36  Probe  
  75  9:49  Probe  
  76  9:53  Gateway  
  76  9:57  Gateway  
  76  9:58  Pylon  
  76  10:05  Stalker  
  78  10:10  Void Ray  
  78  10:11  Pylon  
  78  10:18  Pylon  
  82  10:25  Cybernetics Core  
  82  10:26  Pylon  
  82  10:42  Pylon, Protoss Air Weapons Level 2  
  64  11:06  Void Ray  
  64  11:08  Void Ray  
  64  11:16  Stalker x2  
  64  11:17  Zealot  
  64  11:18  Zealot x2, Sentry  
  84  11:39  Stalker x3  
  90  11:40  Zealot x2  
  90  11:44  Stalker  
  96  11:55  Blink  
  96  12:01  Nexus  
  96  12:04  Pylon  
  40  12:36  Stalker x3  
  40  12:37  Stalker x2  
  48  13:08  Stalker x3  
  48  13:09  Stalker x3  
  60  13:17  Pylon  
  59  13:21  Probe  
  59  13:24  Photon Cannon  
  59  13:25  Photon Cannon  
  60  13:27  Pylon  
  60  13:31  Assimilator  
  60  13:33  Probe  
  61  13:35  Void Ray  
  65  13:42  Probe  
  65  13:45  Probe  
  67  13:48  Protoss Ground Weapons Level 1 (Chrono Boost)  
  67  13:52  Dark Shrine  
  67  13:53  Pylon  
  67  13:58  Probe  
  68  14:06  Forge  
  68  14:09  Gateway  
  68  14:10  Probe (Chrono Boost)  
  68  14:13  Stalker  
  71  14:18  Sentry x2  
  71  14:20  Probe (Chrono Boost)  
  76  14:25  Probe (Chrono Boost)  
  76  14:26  Void Ray  
  81  14:49  Shield Battery  
  81  14:56  Stalker  
  83  15:00  Stalker x4  
  83  15:01  Stalker  
  51  15:34  Stalker x3  
  51  15:39  Dark Templar x3  
  57  15:44  Zealot  
  58  15:58  Dark Templar x3  
Show
View Real Time Build Order
Export as new Build Order

Massa Terran - Winner!

Build Orders: Gas First Reaper Expand 

Get SALT Encoding   

  12  0:00  SCV  
  13  0:12  SCV  
  14  0:22  Supply Depot  
  14  0:24  SCV  
  15  0:31  Refinery  
  15  0:43  SCV  
  15  0:46  Barracks  
  16  0:55  SCV  
  17  1:08  SCV  
  18  1:20  SCV  
  19  1:32  Orbital Command  
  19  1:33  Reaper  
  20  1:41  Command Center  
  20  1:59  SCV  
  21  2:05  Marine  
  22  2:11  SCV  
  23  2:17  Factory  
  23  2:24  Barracks Reactor  
  23  2:26  Supply Depot  
  23  2:35  Supply Depot  
  23  2:37  Engineering Bay  
  23  2:48  SCV  
  24  2:54  Orbital Command  
  24  3:00  SCV  
  25  3:16  SCV  
  26  3:28  SCV  
  26  3:29  Bunker  
  26  3:31  SCV, Supply Depot  
  28  3:35  Hellion x2  
  28  3:37  Barracks Tech Lab  
  28  3:40  SCV  
  33  3:43  SCV, Missile Turret  
  33  3:46  Missile Turret  
  34  3:50  Missile Turret  
  34  3:57  Hellion x2, Stimpack  
  38  4:05  SCV x2  
  38  4:09  Marauder  
  42  4:14  Barracks  
  42  4:17  SCV x2, Barracks  
  44  4:26  Hellion x2  
  48  4:32  Missile Turret  
  48  4:38  Missile Turret  
  48  4:40  Supply Depot  
  48  4:48  Widow Mine x2  
  52  4:54  Marine  
  53  5:08  Command Center, Terran Infantry Weapons Level 1  
  53  5:12  Refinery, Marine  
  54  5:16  Widow Mine x2  
  58  5:30  Refinery, Marine  
  58  5:32  Barracks Reactor  
  58  5:33  Refinery  
  59  5:37  Combat Shield  
  59  5:38  Widow Mine  
  61  5:47  Widow Mine  
  63  5:59  Widow Mine  
  65  6:18  Barracks Reactor  
  65  6:19  Marine x2  
  65  6:22  Orbital Command  
  65  6:25  SCV x2  
  69  6:36  Marine x2  
  69  6:37  SCV x2  
  73  6:45  Barracks  
  73  6:49  SCV  
  73  6:52  Factory Tech Lab  
  75  6:54  SCV, Marine x2  
  75  6:56  Concussive Shells  
  75  7:01  SCV  
  78  7:06  SCV  
  78  7:07  Terran Infantry Armor Level 1  
  79  7:10  Armory  
  79  7:12  Marine x2  
  79  7:13  SCV  
  79  7:14  Starport  
  82  7:19  Barracks  
  82  7:20  Orbital Command  
  82  7:26  Engineering Bay  
  82  7:46  Marauder, Marine  
  85  7:56  Marine x2, Supply Depot  
  85  7:57  Supply Depot  
  85  7:59  Supply Depot  
  85  8:00  Supply Depot  
  85  8:02  Supply Depot  
  85  8:18  SCV x3, Marauder, Marine x6, Medivac  
  98  8:20  Supply Depot  
  98  8:23  Missile Turret, Supply Depot  
  98  8:27  Missile Turret, Supply Depot  
  98  8:28  Supply Depot  
  98  8:30  SCV  
  98  8:33  Terran Infantry Weapons Level 2  
  99  8:35  Marine x4  
  99  8:36  Marine x2  
  99  8:40  Marauder  
  105  8:48  Missile Turret, Medivac  
  107  8:50  Missile Turret  
  107  8:53  Marine x3  
  107  8:54  Marine x2  
  107  8:55  Barracks Tech Lab  
  112  8:59  Terran Vehicle Weapons Level 1  
  112  9:01  Marauder  
  112  9:02  Terran Infantry Armor Level 2  
  114  9:07  Siege Tank  
  117  9:11  Marine  
  117  9:14  Smart Servos  
  118  9:18  SCV x3, Medivac  
  118  9:22  Marauder  
  125  9:25  Marauder, Marine x5  
  125  9:29  Marine  
  125  9:30  SCV x2  
  125  9:31  SCV  
  136  9:39  Siege Tank  
  136  9:42  SCV, Marine  
  136  9:43  SCV x2, Marine x3  
  136  9:44  Marauder  
  148  9:46  Marauder  
  148  9:48  Command Center  
  150  9:54  Refinery  
  150  9:55  SCV x3  
  150  9:56  Refinery  
  153  10:05  Marauder  
  155  10:07  Marauder  
  157  10:25  Supply Depot  
  157  10:26  Supply Depot  
  157  10:28  Supply Depot  
  157  10:29  Supply Depot x2  
  157  10:30  Supply Depot  
  157  10:31  Supply Depot  
  157  10:32  Drilling Claws  
  157  10:45  Marauder  
  157  10:46  Siege Tank  
  157  10:49  Supply Depot  
  160  10:51  Supply Depot  
  160  10:53  Terran Vehicle And Ship Armor Level 1, Supply Depot  
  160  10:55  Supply Depot  
  136  11:08  Starport Reactor  
  132  11:34  Siege Tank  
  132  11:37  Terran Infantry Armor Level 3  
  132  11:38  Terran Infantry Weapons Level 3  
  135  11:44  Armory, Medivac x2  
  139  11:52  Orbital Command  
  139  11:53  SCV  
  139  11:54  SCV x2  
  142  12:05  SCV  
  142  12:06  SCV x2, Siege Tank  
  148  12:10  Marauder x2  
  148  12:11  Marine x3  
  148  12:12  Marine x3  
  148  12:14  Medivac x2  
  162  12:17  SCV  
  162  12:18  SCV x2  
  157  12:29  SCV, Marine  
  148  12:30  SCV  
  148  12:32  Marauder x2  
  153  12:38  Siege Tank  
  153  12:44  Medivac  
  152  12:46  Marine x2  
  156  12:53  Marauder x2  
  146  13:11  Marine  
  146  13:12  Marine x5  
  152  13:14  Marauder  
  152  13:15  Marauder, Siege Tank  
  159  13:27  Missile Turret  
  159  13:29  Marine x3  
  159  13:30  Marine x3  
  165  13:36  Marauder x2  
  169  13:45  Medivac x2  
  169  13:47  Marine x6, Siege Tank  
  169  13:48  Missile Turret  
  182  13:57  Marauder x2  
  182  14:00  Infernal Pre-Igniter  
  186  14:05  Marine x5  
  186  14:09  Missile Turret  
  191  14:14  Hi-Sec Auto Tracking  
  191  14:15  Neosteel Armor, Medivac  
  193  14:19  Marauder x2, Siege Tank  
  193  14:23  Command Center  
  200  14:29  Command Center, Missile Turret  
  200  14:32  Missile Turret  
  200  14:37  Missile Turret  
  200  14:47  Command Center  
  200  14:52  Missile Turret  
  200  14:58  Missile Turret  
  200  15:11  Missile Turret  
  199  15:19  Missile Turret  
  161  15:32  Missile Turret  
  161  15:41  Missile Turret  
  136  15:45  Marauder  
  136  15:46  Marauder, Marine x2  
  136  15:47  Marine x4  
  141  15:52  Missile Turret  
  141  15:57  Planetary Fortress  
  141  15:58  Planetary Fortress  
  141  16:01  Orbital Command  
  141  16:03  Missile Turret  
  141  16:04  SCV, Marine x6  
  141  16:05  SCV x3  
  141  16:07  Marauder x2  
  155  16:13  Missile Turret  
  155  16:16  SCV  
  155  16:17  SCV x3  
  159  16:22  Marine x4  
  159  16:25  Missile Turret  
  162  16:28  SCV, Marauder  
  162  16:29  SCV x3, Marauder  
  167  16:33  Missile Turret  
Show
View Real Time Build Order
Export as new Build Order

qqq Protoss - Winner!

Build Orders: Carriers 

Get SALT Encoding   

  12  0:02  Probe  
  13  0:14  Pylon  
  13  0:19  Probe  
  14  0:31  Probe  
  15  0:38  Forge  
  15  0:43  Probe  
  16  0:56  Pylon  
  16  1:15  Photon Cannon  
  16  1:17  Pylon  
  15  1:52  Pylon  
  15  2:02  Probe  
  16  2:15  Nexus  
  16  2:33  Assimilator  
  16  2:34  Probe  
  16  2:36  Assimilator  
  17  2:39  Pylon  
  16  2:46  Probe  
  17  2:57  Gateway  
  17  2:58  Probe (Chrono Boost)  
  18  3:03  Assimilator  
  18  3:10  Probe (Chrono Boost)  
  19  3:15  Probe (Chrono Boost)  
  20  3:24  Probe  
  21  3:31  Photon Cannon  
  21  3:36  Probe (Chrono Boost)  
  21  3:41  Probe (Chrono Boost)  
  23  3:46  Probe (Chrono Boost)  
  25  3:50  Probe (Chrono Boost)  
  25  3:51  Probe (Chrono Boost), Cybernetics Core  
  26  4:00  Probe  
  27  4:03  Probe  
  28  4:12  Probe  
  28  4:15  Probe  
  30  4:24  Probe  
  30  4:27  Probe, Stargate  
  30  4:30  Stargate  
  32  4:36  Probe (Chrono Boost)  
  32  4:37  Pylon  
  33  4:45  Probe (Chrono Boost)  
  34  4:48  Probe (Chrono Boost)  
  34  4:52  Probe (Chrono Boost)  
  36  4:53  Probe (Chrono Boost)  
  36  4:59  Assimilator  
  37  5:03  Probe x2  
  37  5:04  Assimilator  
  39  5:12  Phoenix (Chrono Boost)  
  41  5:14  Phoenix (Chrono Boost)  
  41  5:15  Probe x2  
  45  5:27  Probe  
  46  5:28  Phoenix (Chrono Boost)  
  46  5:35  Phoenix  
  50  5:38  Protoss Air Weapons Level 1 (Chrono Boost)  
  50  5:39  Probe  
  45  5:51  Probe  
  40  6:02  Probe (Chrono Boost)  
  38  6:06  Probe (Chrono Boost)  
  38  6:14  Probe (Chrono Boost)  
  40  6:19  Probe (Chrono Boost)  
  40  6:20  Probe (Chrono Boost)  
  40  6:27  Probe  
  40  6:28  Phoenix x2  
  40  6:29  Probe  
  46  6:39  Probe  
  47  6:41  Probe  
  48  6:51  Probe  
  48  6:53  Probe, Phoenix x2  
  54  7:19  Pylon  
  54  7:23  Pylon  
  54  7:26  Pylon  
  54  7:37  Probe x2, Phoenix x2  
  60  7:49  Probe x2  
  60  7:50  Nexus  
  58  8:01  Probe x2  
  58  8:02  Phoenix  
  62  8:15  Phoenix  
  62  8:16  Probe  
  66  8:27  Phoenix, Pylon  
  65  8:29  Pylon  
  65  8:32  Pylon  
  67  8:40  Phoenix  
  68  8:52  Phoenix  
  68  8:55  Probe  
  71  9:20  Photon Cannon  
  71  9:22  Photon Cannon  
  71  9:23  Phoenix x2  
  75  9:26  Photon Cannon  
  75  9:30  Photon Cannon  
  75  9:32  Stargate, Fleet Beacon  
  75  9:35  Probe  
  76  9:41  Nexus  
  76  9:42  Pylon, Protoss Air Armor Level 1  
  76  9:45  Pylon  
  76  9:47  Probe  
  76  9:48  Phoenix, Pylon  
  79  9:59  Probe  
  80  10:07  Phoenix  
  80  10:11  Probe (Chrono Boost)  
  83  10:16  Assimilator  
  83  10:20  Assimilator  
  83  10:21  Probe (Chrono Boost)  
  84  10:26  Probe (Chrono Boost)  
  83  10:30  Tempest (Chrono Boost)  
  83  10:31  Tempest (Chrono Boost)  
  99  10:36  Anion Pulse-Crystals  
  99  10:38  Probe  
  99  10:40  Carrier (Chrono Boost)  
  100  10:45  Photon Cannon  
  100  10:49  Photon Cannon  
  100  10:50  Probe  
  101  11:02  Probe  
  102  11:13  Tempest  
  102  11:14  Probe  
  108  11:19  Probe  
  109  11:26  Probe, Photon Cannon  
  109  11:31  Photon Cannon  
  109  11:32  Probe  
  111  11:37  Tempest  
  111  11:38  Probe  
  117  11:44  Probe  
  118  11:50  Probe  
  118  11:52  Tempest  
  124  11:54  Protoss Air Weapons Level 2  
  124  11:56  Probe, Carrier  
  131  12:03  Probe  
  131  12:08  Probe  
  133  12:12  Photon Cannon  
  133  12:15  Probe  
  133  12:20  Probe, Carrier  
  127  12:28  Probe  
  120  12:32  Probe  
  120  12:38  Carrier  
  120  12:40  Probe  
  117  12:44  Probe  
  117  12:49  Pylon  
  118  12:52  Probe, Pylon  
  118  12:54  Pylon  
  118  12:56  Shield Battery  
  119  12:58  Shield Battery  
  119  12:59  Photon Cannon  
  119  13:00  Carrier  
  119  13:01  Photon Cannon  
  125  13:24  Carrier  
  131  13:30  Robotics Facility  
  131  13:34  Assimilator  
  131  13:38  Assimilator  
  131  13:42  Carrier  
  131  13:43  Stargate  
  131  13:44  Probe  
  138  13:54  Photon Cannon  
  138  13:56  Probe, Photon Cannon  
  138  13:58  Photon Cannon  
  138  14:00  Shield Battery  
  139  14:05  Carrier  
  139  14:06  Nexus  
  139  14:07  Pylon  
  139  14:08  Probe  
  146  14:10  Pylon  
  146  14:13  Mothership (Chrono Boost)  
  146  14:14  Pylon  
  154  14:29  Observer, Carrier  
  161  14:34  Photon Cannon  
  161  14:37  Photon Cannon  
  161  14:39  Photon Cannon  
  161  14:43  Photon Cannon  
  161  14:44  Probe  
  162  14:46  Pylon  
  162  14:49  Photon Cannon  
  162  14:50  Observer  
  162  14:52  Shield Battery  
  163  14:55  Shield Battery  
  163  14:56  Tempest, Probe  
  169  15:00  Carrier  
  175  15:07  Pylon  
  175  15:08  Probe  
  176  15:20  Probe  
  171  15:32  Probe  
  166  15:47  Probe (Chrono Boost)  
  186  16:04  Probe (Chrono Boost)  
  186  16:11  Probe (Chrono Boost)  
  193  16:23  Probe  
  193  16:24  Observer  
  195  16:35  Probe  
Tags
 
Add a new tag
Caveats
  • Supply blocks, unpowered buildings, or Contaminate may cause inaccurate times.
  • Supply counts are checked every 10 seconds.